 Dungeon Crawl Stone Soup version 0.25-a0-420-g1cc7eeb0d1 (webtiles) character file.

Game seed: 4473844534782103444, levelgen mode: deterministic

1547 BeastOfSaturn the Stinger (level 8, 0/52 HPs)
             Began as a Demonspawn Venom Mage on Jan 18, 2020.
             Shot with a sling bullet by Joseph (6 damage)
             ... on level 8 of the Dungeon.
             The game lasted 00:33:04 (4178 turns).

BeastOfSaturn the Stinger (Demonspawn Venom Mage)   Turns: 4178, Time: 00:33:05

Health: 0/52       AC:  8    Str: 11    XL:     8   Next: 57%
Magic:  12/15      EV: 12    Int: 17    God:
Gold:   156        SH:  5    Dex: 13    Spells: 7/17 levels left

rFire    . . .     SeeInvis .   t - +0 dagger (venom)
rCold    . . .     Gourm    .   E - +2 buckler
rNeg     . . .     Faith    .   f - +0 leather armour
rPois    .         Spirit   .   (helmet restricted)
rElec    .         Reflect  .   k - +2 cloak {+Inv}
rCorr    .         Harm     .   (no gloves)
MR       .....                  (no boots)
Stlth    ++........             x - amulet of magic regeneration
HPRegen  0.17/turn              (no ring)
MPRegen  0.39/turn              (no ring)

@: no status effects
A: antennae 1, molten scales 1, demonic guardian 1, powered by death 1
a: Evoke Invisibility


You were on level 8 of the Dungeon.
You were not hungry.

You visited 1 branch of the dungeon, and saw 5 of its levels.

You collected 156 gold pieces.

Inventory:

Hand Weapons
 b - a +0 hand axe
 e - a +0 dagger
 i - a +0 whip
 n - a +0 falchion of holy wrath
 t - a +0 dagger of venom (weapon)
 y - a cursed -3 arbalest
Missiles
 u - 6 poisoned darts (quivered)
Armour
 a - a +0 robe
 f - a +0 leather armour (worn)
 j - a +0 ring mail of fire resistance
 k - a +2 cloak of invisibility (worn)
 E - a +2 buckler (worn)
 F - the +4 robe of Slovenliness {rPois rF++ rCorr Int-2, unknown}
   (You found it on level 8 of the Dungeon)

   It affects your intelligence (-2).
   It greatly protects you from fire.
   It protects you from poison.
   It provides partial protection from all sources of acid and corrosion.
Jewellery
 g - an uncursed amulet of the gourmand
 h - an uncursed ring of fire
 q - a cursed -3 ring of slaying {unknown}
 v - a cursed -3 ring of intelligence {unknown}
 x - an amulet of magic regeneration (around neck)
Wands
 m - a wand of polymorph (7)
 w - a wand of iceblast (9)
 B - a wand of flame (22)
Scrolls
 l - a scroll of fear
 p - a scroll of blinking {unknown}
 s - a scroll of amnesia {unknown}
 C - a scroll of identify
 D - a scroll of teleportation {unknown}
Potions
 d - 2 potions of lignification {unknown}
 o - 2 potions of degeneration {unknown}
 r - a potion of flight {unknown}
 z - a potion of resistance {unknown}
 A - 2 potions of heal wounds {unknown}
Comestibles
 c - 4 rations


   Skills:
 + Level 1.0 Short Blades
 * Level 3.8 Armour
 + Level 3.0 Dodging
 + Level 1.9 Stealth
 + Level 0.1 Shields
 + Level 5.0 Spellcasting
 + Level 3.4 Transmutations
 * Level 7.3 Poison Magic


You had 7 spell levels left.
You knew the following spells:

 Your Spells              Type           Power        Failure   Level  Hunger
a - Sting                 Tmut/Pois      ###.         3%          1    None
b - Mephitic Cloud        Conj/Pois/Air  ##......     32%         3    ###....
c - Poisonous Vapours     Pois/Air       ###...       10%         2    #......
d - Olgreb's Toxic Radia  Pois           ####....     14%         4    ####...

Your spell library contained the following spells:

 Spells                   Type           Power        Failure   Level  Hunger
 Ignite Poison            Fire/Tmut/Pois ###.....     21%         3    ###....


Dungeon Overview and Level Annotations

Branches:
Dungeon (8/15)
 Temple: D:4-7         Lair: D:8-11

Altars:
Gozag

Annotations:
D:8 Joseph


Innate Abilities, Weirdness & Mutations

You have a pair of small antennae on your head.
You are partially covered in molten scales. (AC +2)
A weak demonic guardian rushes to your aid.
You regenerate a little health from kills.


Message History

Confirm with . or Enter, or press ? or * to list all spells.
Aiming: Poisonous Vapours (safe; 10% risk of failure)
Press: ? - help, Dir - move target cursor, f - Joseph
Aim: Joseph, wielding a +4 hunting sling of freezing, wearing a +0 leather armour and quivering 13 sling bullets Poisonous vapours surround Joseph!
Casting: Poisonous Vapours (safe; 10% risk of failure)
Confirm with . or Enter, or press ? or * to list all spells.
Aiming: Poisonous Vapours (safe; 10% risk of failure)
Press: ? - help, Dir - move target cursor, f/p - Joseph
Aim: Joseph, wielding a +4 hunting sling of freezing, wearing a +0 leather armour and quivering 13 sling bullets Poisonous vapours surround Joseph!
Joseph is poisoned.
Joseph shoots a sling bullet.
The sling bullet hits you!!
* * * LOW HITPOINT WARNING * * *
The sling bullet freezes you!
* * * LOW HITPOINT WARNING * * *
Casting: Poisonous Vapours (safe; 10% risk of failure)
Confirm with . or Enter, or press ? or * to list all spells.
Okay, then.
Joseph shoots a sling bullet.
The sling bullet hits you.
You die...

#...## ≈# # #..##
###.. ##..# #..
≈≈≈≈ ##.## #.#
≈≈.≈≈ ##.## ##.#
####..≈≈...
##.####..# #..#.#
.≈≈. ##..##..#
##...[ ...
#......#### #...#
#.#
##.@.....@###..# ##
#.# #......5).....#
##.# #..
#........[)...###.#
#.)
#..####...))..#...#
##) #.##
#...........######.
#.#
#..........)....##(
#.#
#...........).[(.((
#.
#............≈≈≈≈≈≈
###.......≈≈≈.≈≈...


You could see Joseph and a friendly white imp.

Vanquished Creatures
  A two-headed ogre (D:8)
  A centaur (D:8)
  A gnoll sergeant (D:8)
  A crimson imp (D:7)
  Terence (D:2)
  5 orc wizards
  5 worker ants
  A hound zombie (D:7)
  3 adders
  3 gnolls (D:8)
  An adder zombie (D:7)
  A worm (D:4)
  2 dart slugs
  2 leopard geckos (D:2)
  11 orcs
  9 goblins
  5 hobgoblins
  A jackal (D:8)
  A ball python (D:2)
  7 bats (D:1)
  2 frilled lizards (D:1)
  4 kobolds (D:1)
  A leopard gecko skeleton (D:7)
  3 rats (D:1)
72 creatures vanquished.

Vanquished Creatures (collateral kills)
  A hungry ghost (D:8)
  A black bear (D:7)
  An ogre (D:4)
  A necrophage (D:7)
  A howler monkey (D:8)
  A hound (D:4)
  An orc priest (D:7)
  2 gnolls (D:8)
  An adder (D:7)
  2 orcs
  3 goblins (D:4)
15 creatures vanquished.

Grand Total: 87 creatures vanquished

Notes
Turn   | Place    | Note
-------+----------+-------------------------------------------
     0 | D:1      | BeastOfSaturn the Demonspawn Venom Mage began the quest for
                  | the Orb.
     0 | D:1      | Reached XP level 1. HP: 13/13 MP: 3/3
   254 | D:1      | Gained mutation: You are partially covered in molten
                  | scales. (AC +2) [demonic ancestry]
   254 | D:1      | Reached XP level 2. HP: 3/19 MP: 1/5
  1029 | D:1      | Reached skill level 1 in Transmutations
  1145 | D:2      | Reached skill level 1 in Armour
  1199 | D:2      | Noticed Terence
  1210 | D:2      | Killed Terence
  1210 | D:2      | Gained mutation: A weak demonic guardian rushes to your
                  | aid. [demonic ancestry]
  1210 | D:2      | Reached XP level 3. HP: 24/24 MP: 0/6
  1300 | D:2      | Learned a level 3 spell: Mephitic Cloud
  1584 | D:2      | Found an opulent altar of Gozag.
  1665 | D:2      | Reached XP level 4. HP: 28/30 MP: 4/7
  1823 | D:2      | You fall into a shaft and drop 2 floors!
  1859 | D:4      | Noticed an ogre
  1874 | D:4      | Noticed an ogre
  1874 | D:4      | Killed an ogre
  1874 | D:4      | Reached skill level 4 in Poison Magic
  1874 | D:4      | Reached XP level 5. HP: 35/35 MP: 0/9
  2225 | D:4      | You fall into a shaft and drop 3 floors!
  2349 | D:7      | Gained mutation: You regenerate a little health from kills.
                  | [demonic ancestry]
  2349 | D:7      | Reached XP level 6. HP: 25/41 MP: 5/10
  2445 | D:7      | Learned a level 2 spell: Poisonous Vapours
  2450 | D:7      | Learned a level 4 spell: Olgreb's Toxic Radiance
  2574 | D:7      | Reached skill level 5 in Poison Magic
  3002 | D:7      | Reached XP level 7. HP: 46/46 MP: 10/12
  3455 | D:8      | Reached skill level 1 in Short Blades
  3495 | D:8      | Reached skill level 6 in Poison Magic
  3785 | D:8      | Noticed a hungry ghost
  3793 | D:8      | Got a heavily jewelled robe
  3829 | D:8      | Killed a hungry ghost
  3918 | D:8      | Noticed a two-headed ogre
  3935 | D:8      | Killed a two-headed ogre
  3935 | D:8      | Reached skill level 5 in Spellcasting
  3935 | D:8      | Reached skill level 7 in Poison Magic
  3935 | D:8      | Gained mutation: You have a pair of small antennae on your
                  | head. [demonic ancestry]
  3935 | D:8      | Reached XP level 8. HP: 44/52 MP: 5/15
  3978 | D:8      | Noticed Joseph
  4178 | D:8      | Shot with a sling bullet by Joseph

Levels and vault maps discovered:
D:1:      wander_arrival_peaceful_grave, layout_rooms
D:2:      layout_basic, lemuel_coloured_pillars_altar, corner_web_ring,
          uniq_terence
D:4:      layout_basic, kennysheep_mini, serial_shops,
          nicolae_shop_competitors_out_of_business, minmay_ogre_servants
D:7:      layout_loops_cross
D:8:      layout_layer_cave, yredelemnul_altar_generic, serial_rivers,
          chequers_serial_rivers_micro_a, chequers_serial_rivers_small_3,
          chequers_serial_rivers_room_a, chequers_serial_rivers_small_3,
          chequers_serial_rivers_marsh, uniq_joseph

Skill      XL: |  1  2  3  4  5  6  7 |
---------------+----------------------+-----
Dodging        | 2 3 |  3.0
Transmutations | 1 2 3 |  3.4
Armour         | 1 2 3 |  3.8
Poison Magic   | 4 5 7 |  7.3
Spellcasting   | 3 5 |  5.0
Short Blades   | 1 |  1.0
Stealth        | |  1.9
Shields        | |  0.1

Action                   |  1- 3 |  4- 6 |  7- 9 || total
-------------------------+-------+-------+-------++-------
Melee: Unarmed           |     5 |       |       ||     5
       Hand axe          |     1 |       |       ||     1
       Dagger            |    56 |    45 |    51 ||   152
 Cast: Sting             |    54 |    82 |    44 ||   180
       Olgreb's Toxic Ra |       |     2 |     2 ||     4
       Poisonous Vapours |       |       |    11 ||    11
  Use: Scroll            |     1 |     3 |       ||     4
  Eat: Ration            |     1 |     1 |     2 ||     4
       Chunk             |       |     5 |       ||     5
Armor: Robe              |     2 |       |       ||     2
       Leather armour    |    28 |    34 |    29 ||    91
       Skin              |     2 |       |       ||     2
Dodge: Dodged            |    78 |    43 |    40 ||   161
Block: Buckler           |       |       |     2 ||     2

Table legend:
 A = Non-vault XP
 B = Vault XP
 C = Vault XP percentage of total XP
 D = Non-vault monster count
 E = Vault monster count
 F = Vault count percentage of total count
                 A         B        C        D         E       F
            +---------+---------+-------+---------+---------+-------
      Total |    2068 |     142 |   6.4 |      77 |      10 |  11.5
            +---------+---------+-------+---------+---------+-------
        D:1 |      33 |       0 |   0.0 |      21 |       0 |   0.0
        D:2 |      49 |      36 |  42.4 |      11 |       1 |   8.3
        D:4 |     143 |     106 |  42.6 |       8 |       9 |  52.9
        D:7 |     532 |       0 |   0.0 |      22 |       0 |   0.0
        D:8 |    1311 |       0 |   0.0 |      15 |       0 |   0.0
            +---------+---------+-------+---------+---------+-------
